 Dungeon Crawl Stone Soup version 0.31-a0-995-g04711c9635 (webtiles) character file.

Game seed: 15265190477026667703

71 Maratek the Trooper (level 4, -2/35 HPs)
             Began as a Demonspawn Fighter on Nov 6, 2023.
             Succumbed to a kobold's poison
             ... on level 3 of the Dungeon.
             The game lasted 00:02:32 (1504 turns).

Maratek the Trooper (Demonspawn Fighter)            Turns: 1504, Time: 00:02:33

Health: -2/35      AC:  6    Str: 19    XL:     4   Next: 5%
Magic:  4/4        EV:  8    Int:  9    God:
Gold:   28         SH:  9    Dex: 12    Spells: 3/3 levels left

rFire   . . .        a - +1 trident
rCold   + . .        i - +1 kite shield
rNeg    . . .        b - +0 scale mail
rPois   .            (no helmet)
rElec   .            (no cloak)
rCorr   .            (no gloves)
SInv    .            (no boots)
Will    .....        (no amulet) Stlth
                     j - ring of protection from cold
HPRegen 0.25/turn    (no ring)
MPRegen 0.09/turn

%: no passive effects
@: lethally poisoned (-2 -> -13)
A: weakness stinger 2
a: no special abilities


You were on level 3 of the Dungeon.
You visited 1 branch of the dungeon, and saw 3 of its levels.

You collected 28 gold pieces.

Inventory:

Hand Weapons
 a - a +1 trident (weapon)
Armour
 b - a +0 scale mail (worn)
 i - a +1 kite shield (worn)
Jewellery
 j - a ring of protection from cold (left hand)
Scrolls
 c - a scroll of poison
 e - 2 scrolls of teleportation
Potions
 k - a potion of mutation


   Skills:
 + Level 3.4 Fighting
 + Level 2.3 Polearms
 + Level 3.3 Armour
 + Level 0.3 Dodging
 + Level 0.1 Stealth
 + Level 3.2 Shields


You had 3 spell levels left.
You didn't know any spells.
Your spell library was empty.

Dungeon Overview and Level Annotations

Branches:
Dungeon (3/15)

Altars:


Innate Abilities, Weirdness & Mutations

You have a tail ending in a sharp stinger.


Message History

You closely miss the kobold.
The kobold is heavily wounded.
You feel extremely sick. The kobold closely misses you.
You are too injured to fight recklessly!
You are too injured to fight recklessly!
You are too injured to fight recklessly!
You are too injured to fight recklessly!
You are too injured to fight recklessly!
You are too injured to fight recklessly!
You are too injured to fight recklessly!
You are too injured to fight recklessly!
You are too injured to fight recklessly!
You are too injured to fight recklessly!
You are too injured to fight recklessly!
You are too injured to fight recklessly!
You are too injured to fight recklessly!
You are too injured to fight recklessly!
You are too injured to fight recklessly!
You are too injured to fight recklessly!
You are too injured to fight recklessly!
You closely miss the kobold.
The kobold is heavily wounded.
* * * LOW HITPOINT WARNING * * *
You feel very sick. You block the kobold's attack.
The kobold hits you but does no damage.
You are more poisoned.
You hit the kobold.
The kobold is severely wounded.
* * * LOW HITPOINT WARNING * * *
You feel very sick. You block the kobold's attack.
You hit the kobold.
You kill the kobold!
* * * LOW HITPOINT WARNING * * *
You feel very sick.
As you read the scroll labelled XABY PEACZOSEC, it crumbles to dust.
It is a scroll of enchant weapon.
Your +0 trident glows red for a moment.
You die...

#.# #.#########
##.........#
#...######.# ###.#.# #.#
## #...#...## #.# .##
#.#####).# #.# ..###...#
...# #.#
...####.#....###@#
...'.............)......
...####..........####...
..## ##..######## .##
#.# ## .# # .# .#


There were no monsters in sight!

Vanquished Creatures
  2 adders (D:2)
  2 worms (D:2)
  A dart slug (D:1)
  5 orcs
  5 ball pythons
  A bat (D:1)
  3 endoplasms
  A giant cockroach (D:3)
  4 goblins
  3 hobgoblins
  2 jackals (D:1)
  2 quokkas
  2 frilled lizards
  4 kobolds
  A rat (D:2)
38 creatures vanquished.

Notes
Turn   | Place    | Note
-------+----------+-------------------------------------------
     0 | D:1      | Maratek the Demonspawn Fighter began the quest for the Orb.
     0 | D:1      | Reached XP level 1. HP: 18/18 MP: 1/1
   248 | D:1      | Gained mutation: You have a small tail. [demonic ancestry]
   248 | D:1      | Reached XP level 2. HP: 24/24 MP: 2/2
   437 | D:1      | Found a faded altar of an unknown god.
   891 | D:2      | Gained mutation: You have a tail ending in a sharp stinger.
                  | [demonic ancestry]
   891 | D:2      | Reached XP level 3. HP: 21/29 MP: 3/3
  1452 | D:3      | Reached XP level 4. HP: 35/35 MP: 4/4
  1503 | D:3      | HP: 1/35 [poisoned by a kobold]
  1504 | D:3      | Succumbed to a kobold's poison

Illustrated notes

Levels and vault maps discovered:
D:1:      spicycebolla_arrival_xxxplode, layout_basic,
          shapermc_ecumenical_altar_mp_highgroup, nicolae_titane
D:2:      layout_basic, kennysheep_generic_room_9
D:3:      layout_loops_corners, mainiacjoe_overflow_alcove_2

Skill      XL: |  1  2  3 |
---------------+----------+-----
Shields        | 3 |  3.2
Armour         | 3 |  3.3
Polearms       | 2 |  2.3
Fighting       | |  3.4
Dodging        | |  0.3
Stealth        | |  0.1

Action                     |  1- 3 |  4- 6 || total
---------------------------+-------+-------++-------
  Melee: Trident           |   101 |     7 ||   108
         Tailslap          |     7 |       ||     7
    Use: Scroll            |     8 |     1 ||     9
         Potion            |     2 |       ||     2
 Armour: Scale mail        |    52 |     4 ||    56
  Dodge: Dodged            |    36 |     1 ||    37
  Block: Buckler           |     2 |       ||     2
         Kite shield       |    39 |     2 ||    41

Table legend: (Time is in decaauts)
 A = Elapsed time spent in this place.
 B = Non-inter-level travel time spent in this place.
 C = Inter-level travel time spent in this place.
 D = Time resting spent in this place.
 E = Time spent auto-exploring this place.
 F = Levels seen in this place.
 G = Mean time per level.
                   A        B        C        D        E       F      G
               +--------+--------+--------+--------+--------+-----+--------+
         Total |   1538 |   1494 |     44 |     26 |   1196 |   3 |  512.7 |
       Dungeon |   1538 |   1494 |     44 |     26 |   1196 |   3 |  512.7 |
               +--------+--------+--------+--------+--------+-----+--------+

Top non-repeatable levels by time:
     D:2: 827 daAuts
     D:1: 598 daAuts
     D:3: 112 daAuts
